 Dungeon Crawl Stone Soup version 0.31-a0-986-g5e6e4ef867 (webtiles) character file.

Game seed: 7290886237355941790

64 strifetoe the Digger (level 4, -1/35 HPs)
             Began as a Meteoran Earth Elementalist on Nov 12, 2023.
             Slain by an iguana (12 damage)
             ... on level 4 of the Dungeon.
             The game lasted 00:05:06 (962 turns).

strifetoe the Digger (Meteoran Earth Elementalist)   Turns: 962, Time: 00:05:06

Health: -1/35      AC:  2    Str:  9    XL:     4   Next: 58%
Magic:  7/9        EV: 12    Int: 18    God:
Gold:   127        SH:  0    Dex: 15    Spells: 5/9 levels left

rFire   . . .        f - +2 dagger (protect)
rCold   . . .        (no shield)
rNeg    . . .        a - +0 robe
rPois   .            (no helmet)
rElec   .            (no cloak)
rCorr   .            (no gloves)
SInv    .            (no boots)
Will    .....        (no amulet)
Stlth   +            (no ring)
HPRegen 0.25/turn    (no ring)
MPRegen 0.11/turn

%: no passive effects
@: glowing
A: sense surroundings 1, otherworldly, glowing, explore regen
a: no special abilities


You were on level 4 of the Dungeon.
You visited 1 branch of the dungeon, and saw 5 of its levels.

You collected 127 gold pieces.

Inventory:

Hand Weapons
 c - a +0 dagger
 f - a +2 dagger of protection (weapon)
Armour
 a - a +0 robe (worn)
Scrolls
 e - 3 scrolls of identify {unknown}
 g - a scroll of fear {unknown}
 j - a scroll of blinking {unknown}
Potions
 b - a potion of magic
 d - 4 potions of curing {unknown}
 h - a potion of resistance {unknown}
 i - 3 potions of lignification {unknown}


   Skills:
 + Level 1.3 Fighting
 - Level 2.1 Dodging
 - Level 1.4 Stealth
 - Level 3.0 Spellcasting
 + Level 1.5 Conjurations
 - Level 1.2 Transmutations
 - Level 5.0 Earth Magic


You had 5 spell levels left.
You knew the following spells:

 Your Spells              Type           Power      Damage    Failure   Level
a - Sandblast             Erth           40%        2d10      1%          1
b - Stone Arrow           Conj/Erth      28%        3d8       13%         3

Your spell library contained the following spells:

 Spells                   Type           Power      Damage    Failure   Level
 Passwall                 Tmut/Erth      11%        N/A       7%          2
 Sting                    Tmut/Pois      16%        1d3       13%         1
 Poisonous Vapours        Pois/Air       4%         N/A       24%         2
 Brom's Barrelling Bould  Conj/Erth      14%        2d4       38%         4
 Petrify                  Tmut/Erth      14%        N/A       41%         4
 Olgreb's Toxic Radiance  Pois           2%         N/A       85%         4


Dungeon Overview and Level Annotations

Branches:
Dungeon (5/15) Zot: 1968
 Temple: D:4-7

Altars:
Dithmenos

Shops:
D:2 [


Innate Abilities, Weirdness & Mutations

You passively map a small area around you.
You are easily found by Zot.
You glow in the dark.
You regain HP and MP as you explore.


Message History

Found a sapphire potion and a coppery potion.
You now have 127 gold pieces (gained 14).
Found 15 gold pieces.
There is a stone staircase leading down here.
You climb downwards.
The orc shouts!
The iguana hisses angrily.
The gnoll bouda shouts!
The gnoll shouts! x2; You hear a shout!
Found a trident and 10 gold pieces.
Found a stone staircase leading down.
There is a stone staircase leading up here.
Unknown command.
Casting: Sandblast (safe; 1% risk of failure)
Confirm with . or Enter, or press ? or * to list all spells.
Aiming: Sandblast (safe; 1% risk of failure)
Press: ? - help, Shift-Dir - straight line, f - gnoll
Aim: a gnoll, wielding a +0 spear (85% to hit)
The blast of sand hits the gnoll!
The gnoll is heavily wounded.
The gnoll barely misses you.
Unknown command.
Casting: Sandblast (safe; 1% risk of failure)
Confirm with . or Enter, or press ? or * to list all spells.
Aiming: Sandblast (safe; 1% risk of failure)
Press: ? - help, Shift-Dir - straight line, f/p - gnoll
Aim: a gnoll, wielding a +0 spear (heavily wounded, 85% to hit)
The blast of sand hits the gnoll.
The gnoll is severely wounded.
The iguana bites you!
The gnoll hits you from afar with a +0 spear.
A worm comes into view.
The gnoll misses you. The iguana bites you. The gnoll barely misses you.
The iguana closely misses you. The black bear bites you.
The black bear closely misses you. The black bear claws you.
* * * LOW HITPOINT WARNING * * *
The gnoll bouda barks out a call to the hunt!
The gnolls pick up the pace!
You climb upwards.
There is a stone staircase leading down here.
The iguana attacks as it pursues you! The iguana bites you!
You die...

#.....# #####.# #..$
###.#####..# ,
#..........###
#.#.#.###.... ,
#.#..#.##..# * #
#<###...!## ,
###.##.#..#...###.#
#..........@l.......
*
#.##.##....#.h.###..
, #, ##.....### * *
,.!.....# *
*#####.### * * , #..
, , , , #### * ,


You could see a black bear and an iguana.

Vanquished Creatures
  2 adders (D:3)
  A worm (D:2)
  2 dart slugs
  5 orcs
  2 ball pythons (D:2)
  6 endoplasms
  6 goblins
  3 quokkas
  2 bats
  A frilled lizard (D:3)
  2 rats
32 creatures vanquished.

Notes
Turn   | Place    | Note
-------+----------+-------------------------------------------
     0 | D:1      | strifetoe the Meteoran Earth Elementalist began the quest
                  | for the Orb.
     0 | D:1      | Reached XP level 1. HP: 14/14 MP: 5/5
    88 | D:2      | Found Dishiucs's Armour Boutique.
    92 | D:2      | Reached XP level 2. HP: 20/20 MP: 2/7
   111 | D:2      | Reached skill level 4 in Earth Magic
   153 | D:2      | Reached XP level 3. HP: 13/26 MP: 4/8
   228 | D:3      | Reached skill level 5 in Earth Magic
   234 | D:3      | Learned a level 3 spell: Stone Arrow
   510 | D:2      | Reached XP level 4. HP: 34/34 MP: 7/9
   805 | D:3      | Reached skill level 1 in Fighting
   805 | D:3      | Reached skill level 1 in Conjurations
   902 | D:3      | Found a shadowy altar of Dithmenos.
   957 | D:5      | Entered Level 5 of the Dungeon
   957 | D:5      | Noticed a black bear
   962 | D:4      | Slain by an iguana

Illustrated notes

Levels and vault maps discovered:
D:1:      dpeg_arrival_water_temple_mockup, layout_basic
D:2:      layout_basic, serial_shops, shop, minmay_strange_pillars, uniq_sigmund
D:3:      layout_loops_ring, nicolae_dithmenos_through_a_glass_darkly,
          chequers_serial_rivers_large_b, minmay_gold_behind_fungi
D:4:      layout_loops_ring, nicolae_shop_unique_rings
D:5:      layout_rooms, nicolae_tso_swordbearing_angel, uniq_edmund

Skill      XL: |  1  2  3  4 |
---------------+-------------+-----
Spellcasting   | 3 |  3.0
Earth Magic    | 4 5 |  5.0
Fighting       | 1 |  1.3
Conjurations   | 1 |  1.5
Dodging        | |  2.1
Stealth        | |  1.4
Transmutations | |  1.2

Action                     |  1- 3 |  4- 6 || total
---------------------------+-------+-------++-------
  Melee: Dagger            |     3 |       ||     3
   Cast: Sandblast         |    38 |    10 ||    48
 Armour: Robe              |    13 |     7 ||    20
  Dodge: Dodged            |    16 |     7 ||    23

Table legend: (Time is in decaauts)
 A = Elapsed time spent in this place.
 B = Non-inter-level travel time spent in this place.
 C = Inter-level travel time spent in this place.
 D = Time resting spent in this place.
 E = Time spent auto-exploring this place.
 F = Levels seen in this place.
 G = Mean time per level.
                   A        B        C        D        E       F      G
               +--------+--------+--------+--------+--------+-----+--------+
         Total |   1030 |    909 |    121 |      2 |      0 |   5 |  206.0 |
       Dungeon |   1030 |    909 |    121 |      2 |      0 |   5 |  206.0 |
               +--------+--------+--------+--------+--------+-----+--------+

Top non-repeatable levels by time:
     D:3: 562 daAuts
     D:2: 384 daAuts
     D:1: 46 daAuts
     D:4: 32 daAuts
     D:5: 4 daAuts
